 Dungeon Crawl Stone Soup version 0.17.0-26-gececa24 (webtiles) character file.

29 Ijustatesigmund the Magician (level 3, -5/24 HPs)
             Began as a Demonspawn Wizard on Nov 19, 2015.
             Slain by Natasha (8 damage)
             ... on level 2 of the Dungeon.
             The game lasted 00:04:51 (1194 turns).

Ijustatesigmund the Magician (Demonspawn Wizard)    Turns: 1194, Time: 00:04:51

Health: -5/24      AC:  3    Str:  7    XL:     3   Next: 1%
Magic:  1/7        EV: 12    Int: 20    God:
Gold:   39         SH:  0    Dex: 11    Spells: 3 memorised, 3 levels left

rFire  . . .     SeeInvis +     l - +0 dagger
rCold  . . .     Clarity  .     a - +0 robe
rNeg   . . .     SustAt   .     (no shield)
rPois  .         Gourm    .     b - +0 hat
rElec  .         Spirit   .     (no cloak)
rCorr  .         Warding  .     (no gloves)
rMut   .         Stasis   .     j - +0 pair of boots (curse)
MR     .....                    (no amulet)
Stlth  ++........               (no ring)
                                h - ring of see invisible

@: slowed, repel missiles, very slow, not resistant to hostile enchantments,
unstealthy
A: antennae 2
a: no special abilities


You were on level 2 of the Dungeon.
You were not hungry.

You visited 1 branch of the dungeon, and saw 2 of its levels.

You collected 39 gold pieces.

Inventory:

Hand Weapons
 l - a +0 dagger (weapon)
Armour
 a - a +0 robe (worn)
 b - a +0 hat (worn)
 j - a cursed +0 pair of boots (worn)
Jewellery
 h - a ring of see invisible (left hand)
Scrolls
 e - a scroll of immolation {unknown}
 f - a scroll of enchant armour {unknown}
 g - a scroll of identify {unknown}
 i - a scroll of recharging {unknown}
Books
 c - a book of Minor Magic

   Spells                             Type                      Level
   a - Magic Dart                     Conjuration                  1
   b - Blink                          Translocation                2
   c - Call Imp                       Summoning                    2
   d - Repel Missiles                 Charms/Air                   2
   e - Slow                           Hexes                        2
   f - Conjure Flame                  Conjuration/Fire             3
   g - Mephitic Cloud                 Conjuration/Poison/Air       3
Comestibles
 d - 2 bread rations
 k - a chunk of flesh


   Skills:
 + Level 0.0 Short Blades
 - Level 1.8 Throwing
 - Level 1.7 Dodging
 - Level 1.7 Stealth
 - Level 3.0 Spellcasting
 + Level 1.5 Conjurations
   Level 1.0 Summonings
 + Level 1.2 Translocations


You had 3 spell levels left.
You knew the following spells:

 Your Spells              Type           Power        Failure   Level  Hunger
a - Magic Dart            Conj           #...         10%         1    None
b - Blink                 Tloc           N/A          14%         2    ##.....
c - Repel Missiles        Chrm/Air       #.....       24%         2    ##.....


Dungeon Overview and Level Annotations

Branches:
Dungeon (2/15)

Altars:

Annotations:
D:2 Jessica, Natasha, Sigmund


Innate Abilities, Weirdness & Mutations

You have a pair of antennae on your head.


Message History

* * * LOW HITPOINT WARNING * * *
Casting: Magic Dart
Confirm with . or Enter, or press ? or * to list all spells.
You don't have enough magic to cast that spell.
Casting: Magic Dart
Confirm with . or Enter, or press ? or * to list all spells.
You don't have enough magic to cast that spell.
You barely miss Natasha.
Natasha is almost dead.
Natasha casts a spell at you.
You feel yourself slow down.
You hit Natasha.
Natasha is almost dead.
Natasha barely misses you.
You barely miss Natasha.
Natasha is almost dead.
Natasha claws you.
* * * LOW HITPOINT WARNING * * *
Natasha claws you!
You die...

#.# #.# #.#
#.# #.# #.#
#.# #.#
#.########.#
#..........#
##########.#
#รท#########.
#..h@.......
#.##########
#.# ##.######
#.....g.#
#.......h.
#.#####.## #.
# #.


You could see Natasha.

Vanquished Creatures
  An adder (D:2)
  2 goblins (D:1)
  3 hobgoblins
  6 bats
  2 giant geckos
  2 giant newts (D:1)
  5 rats (D:1)
21 creatures vanquished.

Notes
Turn   | Place    | Note
--------------------------------------------------------------
     0 | D:1      | Ijustatesigmund the Demonspawn Wizard began the quest for the Orb.
     0 | D:1      | Reached XP level 1. HP: 13/13 MP: 4/4
    96 | D:1      | Reached skill level 1 in Throwing
   317 | D:1      | Gained mutation: You have a pair of small antennae on your head. [demonic ancestry]
   317 | D:1      | Reached XP level 2. HP: 19/19 MP: 1/6
   792 | D:2      | Noticed Sigmund
   792 | D:2      | Noticed Jessica
   920 | D:2      | Learned a level 2 spell: Blink
   923 | D:2      | Learned a level 2 spell: Repel Missiles
   931 | D:2      | Reached skill level 1 in Translocations
  1096 | D:2      | Noticed Natasha
  1112 | D:2      | Gained mutation: You have a pair of antennae on your head. [demonic ancestry]
  1112 | D:2      | Reached XP level 3. HP: 21/24 MP: 0/7
  1194 | D:2      | Slain by Natasha

Action                   || total
-------------------------++-------
Melee: Unarmed           ||    11
       Dagger            ||     5
 Cast: Magic Dart        ||    54
       Repel Missiles    ||     1
  Use: Potion            ||     1
 Stab: Sleeping          ||     1
  Eat: Chunk             ||     1
